 Dungeon Crawl Stone Soup version 0.28.0-53-g5a82cb258f (webtiles) character file.

Game seed: 10624813340873175124

58 MisterFreud the Changer (level 3, 0/28 HPs)
             Began as a Draconian Transmuter on July 13, 2022.
             Slain by an adder (2 damage)
             ... on level 3 of the Dungeon.
             The game lasted 00:03:02 (2474 turns).

MisterFreud the Changer (Draconian Transmuter)      Turns: 2474, Time: 00:03:03

Health: 0/28       AC:  5    Str: 12    XL:     3   Next: 76%
Magic:  6/6        EV: 12    Int: 15    God:
Gold:   79         SH:  0    Dex: 11    Spells: 0/6 levels left

rFire   . . .      SeeInvis .     - Unarmed
rCold   . . .      Faith    .   (no shield)
rNeg    . . .      Spirit   .   (armour unavailable)
rPois   .          Reflect  .   (helmet currently unavailable)
rElec   .          Harm     .   (no cloak)
rCorr   .          Rampage  .   (no gloves)
Will    .....                   (boots currently unavailable)
Stlth   +.........              (no amulet)
HPRegen 0.09/turn               (no ring)
MPRegen 0.10/turn               (no ring)

@: appendages
A: horns 2, talons 2, AC +5, unfitting armour, cold-blooded
a: End Transformation


You were on level 3 of the Dungeon.
You had temporarily grown beastly horns and talons.
You visited 1 branch of the dungeon, and saw 3 of its levels.

You collected 79 gold pieces.

Inventory:

Hand Weapons
 c - a +2 dagger of venom
Jewellery
 a - a ring of wizardry
 e - a ring of fire
 l - the ring of Unteux {Wiz rF+ rC+ Str+2}
   (You found it on level 2 of the Dungeon)

   [ring of wizardry]

   It improves your spell success rate.
   Str:       It affects your strength (+2).
   rF:        It protects you from fire.
   rC:        It protects you from cold.
Scrolls
 f - a scroll of blinking {unknown}
Potions
 b - a potion of invisibility
 g - 2 potions of might
 h - a potion of ambrosia {unknown}
 i - a potion of experience {unknown}
 j - a potion of mutation {unknown}
 k - a potion of heal wounds {unknown}
 m - a potion of magic


   Skills:
 - Level 1.1 Fighting
 - Level 1.7 Dodging
 - Level 3.0 Unarmed Combat
 - Level 2.0 Spellcasting
 + Level 4.2 Transmutations


You couldn't memorise any spells.
You knew the following spells:

 Your Spells              Type           Power      Damage    Failure   Level
a - Beastly Appendage     Tmut           28%        N/A       4%          1
b - Wereblood             Tmut           14%        N/A       6%          2
c - Spider Form           Tmut/Pois      7%         N/A       28%         3

Your spell library contained the following spells:

 Spells                   Type           Power      Damage    Failure   Level
 Pain                     Necr           4%         1d4       22%         1
 Ice Form                 Ice/Tmut       7%         N/A       67%         4
 Agony                    Necr           1%         N/A       99%         5
 Excruciating Wounds      Necr           0%         N/A       99%         5


Dungeon Overview and Level Annotations

Branches:
Dungeon (3/15)

Altars:
Zin

Shops:
D:2 *


Innate Abilities, Weirdness & Mutations

You have temporarily grown beastly horns and talons.
Your plain brown scales are hard. (AC +5)
You cannot fit into any form of body armour.
You are cold-blooded and may be slowed by cold attacks.


Message History

You feel sick.
You are no longer poisoned.
Okay, then.
The adder bites you but does no damage.
You see here a dart slug corpse.
The adder closely misses you.
You see here a +0 club.
You feel better. The adder closely misses you.
Casting: Beastly Appendage (safe; 4% risk of failure)
Confirm with . or Enter, or press ? or * to list all spells.
Okay, then.
Unknown command.
You are too injured to fight recklessly!
Unknown command.
Casting: Beastly Appendage (safe; 4% risk of failure)
Confirm with . or Enter, or press ? or * to list all spells.
You grow a pair of large bovine horns.
Your feet morph into talons.
The adder bites you.
* * * LOW HITPOINT WARNING * * *
You are poisoned.
The adder poisons you! The adder closely misses you.
You closely miss the adder.
Your tail-slap misses the adder.
The adder is lightly wounded.
You feel sick. The adder closely misses you.
Unknown command.
You closely miss the adder.
The adder is lightly wounded.
You feel sick. The adder closely misses you.
Unknown command.
You barely miss the adder. Your headbutt misses the adder.
Your tail-slap misses the adder.
The adder is lightly wounded.
You feel sick. The adder bites you but does no damage.
You hit the adder but do no damage.
The adder is lightly wounded.
You feel sick. The adder closely misses you.
It was a potion of magic.
Magic courses through your body.
You feel sick.
You are no longer poisoned.
The adder bites you but does no damage. The adder bites you.
You die...

........^.#
.?.....(..##
...........
..........####
.............
......J...######
..........#....#
#######.#.#.##.#
#.#.#..#@#
..#.#.)#S#
####J##.#g#
#.##<#J#
#.####.#
#J.g...#
########


You could see an adder, an endoplasm and a goblin.

Vanquished Creatures
  An adder (D:2)
  A gnoll (D:1)
  2 worms (D:2)
  2 dart slugs
  4 ball pythons
  4 bats
  An endoplasm (D:2)
  7 goblins
  3 kobolds
  2 quokkas (D:1)
  4 rats
31 creatures vanquished.

Notes
Turn   | Place    | Note
-------+----------+-------------------------------------------
     0 | D:1      | MisterFreud the Draconian Transmuter began the quest for
                  | the Orb.
     0 | D:1      | Reached XP level 1. HP: 16/16 MP: 3/3
   103 | D:1      | You fall into a shaft and drop 1 floor!
   328 | D:1      | Reached XP level 2. HP: 16/23 MP: 1/5
   451 | D:1      | Learned a level 2 spell: Wereblood
   652 | D:1      | Reached skill level 3 in Transmutations
  1067 | D:2      | Found a faded altar of an unknown god.
  1131 | D:2      | Reached XP level 3. HP: 16/28 MP: 4/6
  1322 | D:2      | Learned a level 3 spell: Spider Form
  1357 | D:2      | Found Cysit's Assorted Antiques.
  1373 | D:2      | Found a glowing silver altar of Zin.
  1706 | D:2      | Reached skill level 4 in Transmutations
  1839 | D:2      | Identified the ring of Unteux {Wiz rF+ rC+ Str+2}
  2474 | D:3      | Slain by an adder

Illustrated notes

Levels and vault maps discovered:
D:1:      saegor_arrival_simple_e, layout_basic
D:2:      layout_loops_corners, ebering_ecumenical_altar_webs, serial_shops,
          shop, serial_co_window_serial, co_window_corner_a, co_window_cross_1,
          co_window_of_opportunity_a, co_window_corner_a,
          co_window_of_opportunity_a, co_window_broadway_b, co_window_corner_b,
          co_window_unsneaky_path_a, co_window_of_opportunity_c,
          glass_columns_a, glass_columns_b, glass_columns_a, basic_altar
D:3:      layout_basic, nicolae_overflow_crystal_walls, lemuel_crystal_altar,
          serial_shops, nicolae_shop_window_shopping

Skill      XL: |  1  2  3 |
---------------+----------+-----
Transmutations | 3 4 |  4.2
Fighting       | |  1.1
Dodging        | |  1.7
Unarmed Combat | |  3.0
Spellcasting   | |  2.0

Action                   || total
-------------------------++-------
Melee: Unarmed           ||    94
       Kick              ||    12
       Tailslap          ||     6
       Headbutt          ||     6
       Punch             ||     2
 Cast: Beastly Appendage ||    25
       Spider Form       ||     2
  Use: Scroll            ||     3
       Potion            ||     2
Armor: Skin              ||    29
Dodge: Dodged            ||    62
